 Dungeon Crawl Stone Soup version 0.21.1-1-g345015f (webtiles) character file.

6125 Jawreze the Magician (level 10, -12/67 HPs)
             Began as a Demonspawn Wizard on May 28, 2018.
             Was an Elder of Vehumet.
             Mangled by a spiny frog (25 damage)
             ... on level 1 of the Lair of Beasts.
             The game lasted 00:39:14 (10851 turns).

Jawreze the Magician (Demonspawn Wizard)           Turns: 10851, Time: 00:39:14

Health: -12/67     AC:  8    Str: 10    XL:     10   Next: 59%
Magic:  21/21      EV: 12    Int: 22    God:    Vehumet [****..]
Gold:   560        SH:  6    Dex: 12    Spells: 13/24 levels left

rFire    . . .     SeeInvis .   s - +3 short sword (venom)
rCold    . . .     Gourm    .   i - +1 buckler
rNeg     . . .     Faith    .   a - +0 robe
rPois    .         Spirit   .   z - +0 helmet
rElec    .         Reflect  .   f - +0 cloak
rCorr    .         Harm     .   A - +0 pair of gloves
MR       .....                  Q - +0 pair of boots
Stlth    +++.......             (no amulet)
HPRegen  0.21/turn              M - ring of stealth
MPRegen  0.17/turn              F - +2 ring of intelligence

@: no status effects
A: claws 2, thin metallic scales 1, demonic guardian 2, spiny 1
a: Renounce Religion


You were on level 1 of the Lair of Beasts.
You worshipped Vehumet.
Vehumet was greatly pleased with you.
You were hungry.

You visited 2 branches of the dungeon, and saw 10 of its levels.

You collected 560 gold pieces.

Inventory:

Hand Weapons
 e - a +0 short sword
 s - a +3 short sword of venom (weapon)
Armour
 a - a +0 robe (worn)
 b - a +0 hat
 f - a +0 cloak (worn)
 i - a +1 buckler (worn)
 l - a cursed +0 chain mail
 z - a +0 helmet (worn)
 A - a +0 pair of gloves (worn)
 I - a +0 large shield of protection
 L - a scarf of spirit shield
 Q - a +0 pair of boots (worn)
Jewellery
 F - a +2 ring of intelligence (right hand)
 H - an uncursed ring of fire
 M - a ring of stealth (left hand)
Scrolls
 j - 2 scrolls of enchant armour
 k - a scroll of remove curse
 n - a scroll of random uselessness {unknown}
 o - a scroll of amnesia {unknown}
 p - 6 scrolls of identify
 u - a scroll of magic mapping {unknown}
 w - a scroll of noise {unknown}
 x - 3 scrolls of immolation
 y - a scroll of teleportation {unknown}
 C - 2 scrolls of holy word {unknown}
 D - a scroll of enchant weapon
 J - a scroll of fear {unknown}
 P - a scroll of vulnerability {unknown}
Potions
 g - 3 potions of curing
 h - 5 potions of berserk rage {unknown}
 m - 3 potions of invisibility {unknown}
 q - 2 potions of degeneration {unknown}
 r - a potion of agility {unknown}
 t - 2 potions of haste
 v - 2 potions of flight {unknown}
 B - a potion of lignification {unknown}
 E - a potion of magic {unknown}
 G - a potion of brilliance {unknown}
 K - 2 potions of heal wounds {unknown}
 R - a potion of cancellation {unknown}
Books
 c - a book of Minor Magic

   Spells                             Type                      Level
   a - Magic Dart                     Conjuration                  1
   b - Blink                          Translocation                2
   c - Call Imp                       Summoning                    2
   d - Slow                           Hexes                        2
   e - Conjure Flame                  Conjuration/Fire             3
   f - Mephitic Cloud                 Conjuration/Poison/Air       3
 O - a book of Transfigurations

   Spells                             Type                      Level
   a - Irradiate                      Conjuration/Transmutation    5
   b - Statue Form                    Transmutation/Earth          6
   c - Hydra Form                     Transmutation                6
   d - Dragon Form                    Transmutation                7
Comestibles
 d - 16 rations


   Skills:
 - Level 2.0 Fighting
 + Level 3.0 Short Blades
 - Level 1.7 Dodging
 - Level 1.8 Stealth
 - Level 4.0 Shields
 + Level 7.8 Spellcasting
 - Level 5.1 Conjurations
 + Level 7.0 Summonings
 - Level 2.7 Translocations
 - Level 4.4 Air Magic
 - Level 4.1 Earth Magic
 - Level 4.8 Poison Magic


You had 13 spell levels left.
You knew the following spells:

 Your Spells              Type           Power        Failure   Level  Hunger
a - Magic Dart            Conj           ####         1%          1    None
b - Mephitic Cloud        Conj/Pois/Air  ####....     1%          3    None
c - Call Imp              Summ           #####...     1%          2    None
d - Blink                 Tloc           N/A          3%          2    None
e - Stone Arrow           Conj/Erth      ####..       1%          3    None


Dungeon Overview and Level Annotations

Branches:
Dungeon (9/15)             Temple (0/1) D:7            Lair (1/6) D:8
    Orc: D:9-12

Altars:
Elyvilon
Gozag
Makhleb
Qazlal
Ru
Uskayaw
Vehumet
Wu Jian
Xom
Yredelemnul
Zin
The Shining One

Shops:
D:7 (

Annotations:
D:9 Jaiteiro's ghost, novice GrIE


Innate Abilities, Weirdness & Mutations

You have very sharp fingernails.
You are partially covered in thin metallic scales. (AC +2)
A demonic guardian rushes to your aid.
You are partially covered in sharp spines.


Message History

You start resting.
Your orange demon disappears in a puff of smoke!
A spiny frog comes into view.
Found a rapier.
Found 15 gold pieces.
You start resting.
Magic restored.
The spiny frog croaks.
You hit the spiny frog but do no damage.
The spiny frog completely misses you.
You puncture the spiny frog!
The spiny frog looks as sick as possible!
The spiny frog is moderately wounded.
The spiny frog stings you!
* * * LOW HITPOINT WARNING * * *
Your orange demon stings the spiny frog from afar!
You hit the spiny frog but do no damage.
The spiny frog is heavily wounded.
The spiny frog stings you!!
You die...

..$##..##...#.###........
....#......##.#..........
#........#...†...........
#....#....#....#####.....
......#......## ##...♣
#.#....#......### #....♣
#..........##..# #....♣
#.P..F###......#......♣
#.....@##?.......
##..#4###...F.....
#.(.### ....#...... #..
...4........ #..
......≈≈≈≈. §.. .#
......≈≈≈≈.. .§ .#
......≈≈;≈≈≈≈
......≈≈≈≈≈≈≈.


You could see a spiny frog and a friendly orange demon.

Vanquished Creatures
  An elephant (Lair:1)
  A spiny frog (Lair:1)
  A hippogriff (Lair:1)
  A spriggan (Lair:1)
  A hungry ghost (D:7)
  Duvessa (D:6)
  2 porcupines
  2 sky beasts (D:5)
  A black bear (D:8)
  A phantom (D:4)
  An orc warrior (D:7)
  An ice beast (D:8)
  A necrophage (D:8)
  3 ogres
  A centaur (D:7)
  2 crocodiles
  The ghost of diana the Cutter, an amateur VSFi (D:4)
  4 bullfrogs
  3 scorpions
  3 crimson imps
  A bullfrog zombie (D:5)
  2 quasits
  A jelly (D:6)
  5 hounds
  2 orc priests
  10 orc wizards
  A centaur zombie (D:7)
  Terence (D:2)
  2 iguanas
  8 worker ants
  2 hound zombies
  2 worker ant zombies
  A howler monkey zombie (D:9)
  A gnoll (D:5)
  A howler monkey skeleton (D:9)
  12 adders
  2 shadow imps
  3 oozes
  2 adder zombies
  An adder skeleton (D:9)
  3 worms
  A dart slug (D:3)
  2 leopard geckos (D:5)
  24 orcs
  10 giant cockroaches
  7 goblins
  5 hobgoblins
  9 jackals
  4 quokkas
  2 ball pythons
  11 bats
  3 frilled lizards
  10 kobolds
  A leopard gecko skeleton (D:7)
  2 leopard gecko zombies
  A quokka skeleton (D:7)
  11 rats
198 creatures vanquished.

Vanquished Creatures (collateral kills)
  A centaur warrior (D:7)
  2 two-headed ogres
  A troll (D:9)
  Prince Ribbit (D:7)
  2 yaks (D:8)
  A water moccasin (Lair:1)
  2 orc warriors
  A phantom (D:8)
  3 crocodiles
  2 scorpions
  Dowan (D:6)
  A crimson imp (D:7)
  A bullfrog zombie (D:8)
  An orc priest (D:8)
  A worker ant (D:5)
  3 gnolls (D:5)
  A shadow imp (D:7)
  3 orcs
  A quokka (D:6)
29 creatures vanquished.

Vanquished Creatures (others)
  9 fungi (D:8)
  6 plants
15 creatures vanquished.

Grand Total: 242 creatures vanquished

Notes
Turn   | Place    | Note
-------+----------+-------------------------------------------
     0 | D:1      | Jawreze the Demonspawn Wizard began the quest for the Orb.
     0 | D:1      | Reached XP level 1. HP: 13/13 MP: 4/4
   212 | D:1      | Gained mutation: You have sharp fingernails. [demonic ancestry]
   212 | D:1      | Reached XP level 2. HP: 13/20 MP: 0/6
   610 | D:1      | Reached skill level 1 in Fighting
  1467 | D:2      | Reached XP level 3. HP: 26/26 MP: 3/7
  1472 | D:2      | Learned a level 3 spell: Mephitic Cloud
  1506 | D:2      | Found a radiant altar of Vehumet.
  1507 | D:2      | Found a burning altar of Makhleb.
  1518 | D:2      | Became a worshipper of Vehumet
  1865 | D:2      | Noticed Terence
  2211 | D:2      | Killed Terence
  2261 | D:2      | Gained mutation: You are partially covered in thin metallic scales. (AC +2) [demonic ancestry]
  2261 | D:2      | Reached XP level 4. HP: 22/32 MP: 4/9
  2268 | D:2      | Reached skill level 1 in Poison Magic
  2540 | D:3      | Reached skill level 1 in Air Magic
  2623 | D:3      | Reached * piety under Vehumet
  2623 | D:3      | Offered knowledge of Sting by Vehumet.
  2762 | D:3      | Reached XP level 5. HP: 38/38 MP: 1/10
  3356 | D:4      | Noticed an ogre
  3366 | D:4      | Killed an ogre
  3367 | D:4      | Noticed a phantom
  3493 | D:4      | Killed a phantom
  3493 | D:4      | Gained mutation: You are partially covered in sharp spines. [demonic ancestry]
  3493 | D:4      | Reached XP level 6. HP: 16/44 MP: 1/12
  3734 | D:4      | Offered knowledge of Searing Ray by Vehumet.
  4009 | D:4      | Noticed diana's ghost (amateur VSFi)
  4070 | D:3      | Learned a level 2 spell: Call Imp
  4073 | D:3      | Learned a level 2 spell: Blink
  4179 | D:3      | Reached ** piety under Vehumet
  4329 | D:4      | Gained mutation: A weak demonic guardian rushes to your aid. [demonic ancestry]
  4329 | D:4      | Reached XP level 7. HP: 27/50 MP: 2/13
  4473 | D:4      | Found an opulent altar of Gozag.
  4503 | D:4      | Found a stormy altar of Qazlal.
  4532 | D:4      | Found a sparkling altar of Nemelex Xobeh.
  4532 | D:4      | Found a basalt altar of Yredelemnul.
  4540 | D:4      | Found a shimmering altar of Xom.
  4540 | D:4      | Found a hide-covered altar of Uskayaw.
  4540 | D:4      | Found an ornate altar of the Wu Jian Council.
  4595 | D:4      | Killed diana's ghost
  4910 | D:5      | Entered Level 5 of the Dungeon
  5208 | D:5      | Found a sacrificial altar of Ru.
  5518 | D:5      | Offered knowledge of Ignite Poison by Vehumet.
  5691 | D:5      | Gained mutation: A demonic guardian rushes to your aid. [demonic ancestry]
  5691 | D:5      | Reached XP level 8. HP: 56/56 MP: 4/15
  5708 | D:5      | Reached skill level 5 in Spellcasting
  5708 | D:5      | Reached skill level 5 in Conjurations
  5870 | D:5      | Reached skill level 1 in Translocations
  6483 | D:6      | Reached *** piety under Vehumet
  6776 | D:6      | Noticed Dowan
  6777 | D:6      | Noticed Duvessa
  6793 | D:6      | Killed Dowan
  6814 | D:6      | Killed Duvessa
  7139 | D:7      | Found Vefeaf's Antique Weapon Shop.
  7252 | D:7      | Found an opulent altar of Gozag.
  7292 | D:7      | Reached XP level 9. HP: 58/61 MP: 17/17
  7396 | D:7      | Noticed Prince Ribbit
  7407 | D:7      | Killed Prince Ribbit
  7407 | D:7      | Offered knowledge of Stone Arrow by Vehumet.
  7407 | D:7      | Reached skill level 1 in Shields
  7412 | D:7      | Learned a level 3 spell: Stone Arrow
  7630 | D:7      | Found a staircase to the Ecumenical Temple.
  8079 | D:7      | Reached skill level 1 in Earth Magic
  8309 | D:7      | Noticed a centaur warrior
  8313 | D:7      | Killed a centaur warrior
  8902 | D:8      | Reached skill level 5 in Summonings
  8910 | D:8      | Reached **** piety under Vehumet
  8919 | D:8      | Found a staircase to the Lair.
  9353 | D:8      | Found a glowing golden altar of the Shining One.
  9354 | D:8      | Found a glowing silver altar of Zin.
  9356 | D:8      | Found a white marble altar of Elyvilon.
  9539 | D:8      | Offered knowledge of Yara's Violent Unravelling by Vehumet.
  9541 | D:8      | Noticed a two-headed ogre
  9547 | D:8      | Killed a two-headed ogre
  9547 | D:8      | Gained mutation: You have very sharp fingernails. [demonic ancestry]
  9547 | D:8      | Reached XP level 10. HP: 66/66 MP: 12/20
  9989 | D:9      | Found a basalt altar of Yredelemnul.
 10208 | D:9      | Noticed a two-headed ogre
 10215 | D:9      | Noticed Jaiteiro's ghost (novice GrIE)
 10220 | D:9      | Killed a two-headed ogre
 10220 | D:9      | Reached skill level 1 in Short Blades
 10418 | Lair:1   | Entered Level 1 of the Lair of Beasts
 10600 | Lair:1   | Noticed an elephant
 10611 | Lair:1   | Killed an elephant
 10773 | Lair:1   | Noticed a spiny frog
 10776 | Lair:1   | Killed a spiny frog
 10831 | Lair:1   | Noticed a spiny frog
 10851 | Lair:1   | Mangled by a spiny frog

Skill      XL: |  1  2  3  4  5  6  7  8  9 10 |
---------------+-------------------------------+-----
Fighting       | 1 2 |  2.0
Conjurations   | 2 3 4 5 |  5.1
Poison Magic   | 1 2 3 4 |  4.8
Air Magic      | 1 2 3 4 |  4.4
Spellcasting   | 4 5 6 7 |  7.8
Summonings     | 2 3 5 7 |  7.0
Translocations | 2 |  2.7
Shields        | 4 |  4.0
Earth Magic    | 3 4 |  4.1
Short Blades   | 3 |  3.0
Dodging        | |  1.7
Stealth        | |  1.8

Action                   |  1- 3 |  4- 6 |  7- 9 | 10-12 || total
-------------------------+-------+-------+-------+-------++-------
Melee: Short sword       |    74 |   100 |   152 |    34 ||   360
       Unarmed           |     4 |       |       |       ||     4
 Cast: Magic Dart        |    76 |    88 |   203 |    41 ||   408
       Mephitic Cloud    |     3 |    11 |    18 |     6 ||    38
       Blink             |       |     2 |       |       ||     2
       Call Imp          |       |     1 |    18 |     8 ||    27
       Stone Arrow       |       |       |    16 |    19 ||    35
  Use: Scroll            |       |       |     4 |     2 ||     6
       Potion            |       |       |       |     2 ||     2
 Stab: Confused          |     2 |     2 |       |       ||     4
       Sleeping          |       |       |     1 |       ||     1
  Eat: Chunk             |     3 |     9 |    18 |     4 ||    34
Armor: Robe              |    12 |    39 |    56 |     7 ||   114
Dodge: Dodged            |    50 |    62 |    73 |    12 ||   197
Block: Buckler           |       |       |     4 |     7 ||    11
